 Dungeon Crawl Stone Soup version 0.29-a0-1033-gb6c65ffae6 (webtiles) character file.

Game seed: 14968891623386936463

115 siradein the Skirmisher (level 4, 0/25 HPs)
             Began as a Deep Elf Hunter on Aug 15, 2022.
             Succumbed to an adder's poison
             ... on level 3 of the Dungeon.
             The game lasted 00:05:44 (1461 turns).

siradein the Skirmisher (Deep Elf Hunter)           Turns: 1461, Time: 00:05:45

Health: 0/25       AC:  4    Str:  8    XL:     4   Next: 68%
Magic:  6/6        EV: 12    Int: 14    God:
Gold:   65         SH:  0    Dex: 20    Spells: 3/3 levels left

rFire   . . .      SeeInvis .   a - +0 shortbow
rCold   . . .      Faith    .   (shield currently unavailable)
rNeg    . . .      Spirit   .   c - +0 leather armour
rPois   .          Reflect  .   g - +0 helmet
rElec   .          Harm     .   (no cloak)
rCorr   .          Rampage  .   (no gloves)
Will    .....                   (no boots)
Stlth   ++........              l - amulet of magic regeneration
HPRegen 0.08/turn               (no ring)
MPRegen 0.50/turn               (no ring)

@: mighty, brilliant, lethally poisoned (0 -> -1), hasted, very quick
A: no striking features
a: no special abilities


You were on level 3 of the Dungeon.
You visited 1 branch of the dungeon, and saw 3 of its levels.

You collected 89 gold pieces.
You spent 24 gold pieces at shops.

Inventory:

Hand Weapons
 a - a +0 shortbow (weapon)
Armour
 c - a +0 leather armour (worn)
 g - a +0 helmet (worn)
Jewellery
 l - an amulet of magic regeneration (around neck)
Wands
 n - a wand of polymorph (10)
Scrolls
 b - a scroll of immolation
 d - a scroll of magic mapping {unknown}
 f - 2 scrolls of noise {unknown}
 h - a scroll of silence {unknown}
 j - 2 scrolls of teleportation {unknown}
Potions
 e - a potion of flight
 o - 3 potions of berserk rage {unknown}


   Skills:
 - Level 1.5 Fighting
 + Level 8.1 Ranged Weapons
 - Level 2.4 Dodging
 - Level 1.2 Stealth


You had 3 spell levels left.
You didn't know any spells.
Your spell library contained the following spells:

 Spells                   Type           Power      Damage    Failure   Level
 Ensorcelled Hibernation  Hex/Ice        0%         N/A       54%         2
 Spider Form              Tmut/Pois      0%         N/A       77%         3
 Anguish                  Hex/Necr       0%         N/A       99%         4


Dungeon Overview and Level Annotations

Branches:
Dungeon (3/15)

Altars:

Shops:
D:1 [?:=

Annotations:
D:2 Natasha
D:3 Robin


Message History

The rat attacks as you move away! The rat barely misses you.
You feel sick.
You are no longer poisoned.
Fire: a) +0 shortbow
Press: ? - help, Q - select action, (/) - cycle Shift-Dir - straight line, f/p - adder
Aim: an adder (lightly wounded, 51% to hit)
You shoot an arrow. The arrow hits the rat.
You kill the rat!
Fire: a) +0 shortbow
Press: ? - help, Q - select action, (/) - cycle Shift-Dir - straight line, f/p - adder
Aim: an adder (lightly wounded, 51% to hit)
You shoot an arrow. The arrow hits the adder.
The adder is severely wounded.
The adder bites you but does no damage. The adder bites you.
* * * LOW HITPOINT WARNING * * *
You are lethally poisoned!
The adder poisons you!
Fire: a) +0 shortbow
Press: ? - help, Q - select action, (/) - cycle Shift-Dir - straight line, f/p - adder
Aim: an adder (severely wounded, 51% to hit)
You shoot an arrow. The arrow closely misses the adder.
* * * LOW HITPOINT WARNING * * *
You feel sick.
The adder bites you but does no damage. x2
Fire: a) +0 shortbow
Press: ? - help, Q - select action, (/) - cycle Shift-Dir - straight line, f/p - adder
Aim: an adder (severely wounded, 51% to hit)
You shoot an arrow. The arrow hits the adder!
You kill the adder!
* * * LOW HITPOINT WARNING * * *
You feel sick.
Unknown command.
It was a potion of might.
You feel very mighty all of a sudden.
* * * LOW HITPOINT WARNING * * *
You feel sick.
It was a potion of brilliance.
You feel clever all of a sudden.
* * * LOW HITPOINT WARNING * * *
You feel sick.
It was a potion of haste.
You feel yourself speed up.
You die...

#... ... ...
#.##
#...##.##.#
###.#.
........
......
#.#.)#
###.#.
#...## #..<
###..##
##..) ##..#
#..#. ##†#
#.##. #@###
###....
#.>.#
##.[....
#...#.#
#####..##...
#...#.#
#..[..## ...
#...#.#
#.##### ...
#...#†###.#
...
#...#...#.#
...
#...###...#
##. ###.#
##..# .


There were no monsters in sight!

Vanquished Creatures
  Natasha (D:2)
  3 adders (D:3)
  2 worms
  4 dart slugs
  An orc (D:3)
  4 ball pythons
  2 endoplasms (D:1)
  A giant cockroach (D:1)
  6 goblins
  9 hobgoblins
  3 quokkas (D:2)
  2 bats
  3 frilled lizards (D:1)
  4 kobolds (D:1)
  5 rats
50 creatures vanquished.

Notes
Turn   | Place    | Note
-------+----------+-------------------------------------------
     0 | D:1      | siradein the Deep Elf Hunter began the quest for the Orb.
     0 | D:1      | Reached XP level 1. HP: 12/12 MP: 3/3
    79 | D:1      | Reached skill level 6 in Ranged Weapons
    79 | D:1      | Reached XP level 2. HP: 12/16 MP: 4/4
   179 | D:1      | Found Kaosyej's Magic Scroll Boutique.
   273 | D:1      | Found Lukatsish's Antique Armour Boutique.
   334 | D:1      | Bought a scroll of identify for 24 gold pieces
   410 | D:1      | Reached XP level 3. HP: 20/20 MP: 5/5
   498 | D:1      | Found Widuw's Jewellery Emporium.
   508 | D:1      | Found Dinon's Book Shoppe.
   852 | D:2      | Found a faded altar of an unknown god.
   924 | D:2      | Reached skill level 7 in Ranged Weapons
   993 | D:3      | Noticed Natasha
  1031 | D:2      | Killed Natasha
  1032 | D:2      | Reached XP level 4. HP: 9/25 MP: 6/6
  1285 | D:3      | Noticed Robin
  1310 | D:2      | Noticed Natasha
  1446 | D:3      | Reached skill level 8 in Ranged Weapons
  1460 | D:3      | HP: 1/25 [poisoned by an adder]
  1461 | D:3      | Succumbed to an adder's poison

Illustrated notes

Levels and vault maps discovered:
D:1:      lemuel_arrival_behind_the_door_large, layout_rooms, serial_shops,
          shop, nicolae_shop_statue_plus, shop, nicolae_shop_trees,
          serial_bayou_pond_e
D:2:      layout_rooms, shapermc_ecumenical_altar_mp_vishouse
D:3:      layout_rooms, vehumet_statue, hangedman_decor_clover_reticule,
          uniq_natasha, uniq_crazy_yiuf_cottage, uniq_robin

Skill      XL: |  1  2  3  4 |
---------------+-------------+-----
Ranged Weapons | 6 7 8 |  8.1
Fighting       | |  1.5
Dodging        | |  2.4
Stealth        | |  1.2

Action                   |  1- 3 |  4- 6 || total
-------------------------+-------+-------++-------
 Fire: Shortbow          |    92 |    36 ||   128
  Use: Potion            |     2 |     3 ||     5
       Scroll            |     2 |       ||     2
Armor: Leather armour    |    10 |     9 ||    19
       Skin              |    23 |       ||    23
Dodge: Dodged            |    31 |     6 ||    37

Table legend: (Time is in decaauts)
 A = Elapsed time spent in this place.
 B = Non-inter-level travel time spent in this place.
 C = Inter-level travel time spent in this place.
 D = Time resting spent in this place.
 E = Time spent auto-exploring this place.
 F = Levels seen in this place.
 G = Mean time per level.
                   A        B        C        D        E       F      G
               +--------+--------+--------+--------+--------+-----+--------+
         Total |   1488 |   1399 |     89 |    293 |    784 |   3 |  496.0 |
       Dungeon |   1488 |   1399 |     89 |    293 |    784 |   3 |  496.0 |
               +--------+--------+--------+--------+--------+-----+--------+

Top non-repeatable levels by time:
     D:2: 775 daAuts
     D:1: 555 daAuts
     D:3: 157 daAuts
